 Dungeon Sprint DCSS version 0.27-a0-1200-g94dc6ad4cf (webtiles) character file.

Game seed: 8964604208274317065

7386 mhtbhm the Sorcerer (level 10, -3/52 HPs)
             Began as a Deep Elf Earth Elementalist on May 31, 2021.
             Was the Champion of Vehumet.
             Killed from afar by Erica (17 damage)
             ... with a bolt of poison
             ... in the Dungeon (Sprint IX: "|||||||||||||||||||||||||||||").
             The game lasted 00:05:54 (2811 turns).

mhtbhm the Sorcerer (Deep Elf Earth Elementalist)   Turns: 2811, Time: 00:05:54

Health: -3/52      AC:  6    Str:  8    XL:     10   Next: 92%
Magic:  30/37      EV: 14    Int: 27    God:    Vehumet [******]
Gold:   17         SH:  0    Dex: 15    Spells: 33/51 levels left

rFire    . . .     SeeInvis .   p - +2 morningstar (protect)
rCold    . . .     Faith    .   (no shield)
rNeg     . . .     Spirit   .   c - +0 robe
rPois    .         Reflect  .   o - +0 helmet
rElec    .         Harm     .   w - +0 cloak
rCorr    .         Rampage  .   n - +0 pair of gloves
Will     +....     NoTele   +   v - +0 pair of boots
Stlth    +++.......             (no amulet)
HPRegen  0.17/turn              l - +3 ring of intelligence
MPRegen  0.25/turn              m - +3 ring of strength

@: lethally poisoned (-3 -> -20), freezing walls, slowed, studying Maces &
Flails, very slow
A: no striking features
a: Renounce Religion


You were in the Dungeon.
You worshipped Vehumet.
Vehumet was exalted by your worship.
You visited 1 branch You collected 17 gold pieces.

Inventory:

Hand Weapons
 p - a +2 morningstar of protection (weapon)
Missiles
 b - 17 stones
Armour
 c - a +0 robe (worn)
 n - a +0 pair of gloves (worn)
 o - a +0 helmet (worn)
 v - a +0 pair of boots (worn)
 w - a +0 cloak (worn)
Jewellery
 l - a +3 ring of intelligence (left hand)
 m - a +3 ring of strength (right hand)
Wands
 k - a wand of acid (6)
Scrolls
 i - 3 scrolls of blinking
 j - 2 scrolls of amnesia
 r - a scroll of identify
 s - a scroll of fog
 t - 2 scrolls of enchant weapon
 u - a scroll of fear
Potions
 a - a potion of invisibility
 d - 3 potions of curing
 e - a potion of heal wounds
 f - a potion of haste
 g - 3 potions of magic
 h - a potion of berserk rage
 q - 2 potions of mutation


   Skills:
 + Level 1.0 Fighting
 + Level 6.0 Dodging
 + Level 5.4 Stealth
 + Level 21.3 Spellcasting
 + Level 5.6 Transmutations
 + Level 0.5 Ice Magic
 + Level 18.3 Earth Magic


You had 33 spell levels left.
You knew the following spells:

 Your Spells              Type           Power      Damage    Failure   Level
a - Sandblast             Erth           100%       2d20      0%          1
b - Passwall              Tmut/Erth      63%        N/A       0%          2
c - Stone Arrow           Conj/Erth      100%       3d13      1%          3
d - Lee's Rapid Deconstr  Erth           45%        3d23*     0%          5
e - Petrify               Tmut/Erth      76%        N/A       1%          4
f - Frozen Ramparts       Ice            62%        1d8       1%          3

Your spell library contained the following spells:

 Spells                   Type           Power      Damage    Failure   Level
 Hailstorm                Conj/Ice       30%        3d8       3%          4


Dungeon Overview and Level Annotations

Branches:
Dungeon (1/1)

Altars:
Cheibriados
Dithmenos
Elyvilon
Fedhas
Gozag
Hepliaklqana
Kikubaaqudgha
Makhleb
Nemelex Xobeh
Okawaru
Qazlal
Ru
Sif Muna
Trog
Uskayaw
Vehumet
Wu Jian
Xom
Yredelemnul
Zin
The Shining One
Beogh
Jiyva
Lugonu

Annotations:
D Erica


Message History

Casting: Frozen Ramparts (safe; 1% risk of failure)
Press: ? - help, Dir - look around, f - activate The walls around you are covered in ice.
The wall freezes something.
Something hits you! Something burns you.
The wall freezes something.
Something hits you!
* * * LOW HITPOINT WARNING * * *
Something burns you.
* * * LOW HITPOINT WARNING * * *
Unknown command.
You feel much better.
The wall freezes something.
Something hits you!
* * * LOW HITPOINT WARNING * * *
Something burns you.
* * * LOW HITPOINT WARNING * * *
Unknown command.
Unknown command.
You feel much better.
The wall freezes something.
Something hits you. Something burns you.
The wall freezes something.
Something hits you. Something burns you.
Unknown command.
Casting: Frozen Ramparts (safe; 1% risk of failure)
Confirm with . or Enter, or press ? or * to list all spells.
Okay, then.
Casting: Frozen Ramparts (safe; 1% risk of failure)
Confirm with . or Enter, or press ? or * to list all spells.
Aiming: Sandblast (safe; 0% risk of failure)
Press: ? - help, Shift-Dir - straight line The blast of sand hits something!
The wall freezes something.
Something hits you!
* * * LOW HITPOINT WARNING * * *
Something burns you.
* * * LOW HITPOINT WARNING * * *
Unknown command.
Aiming: Corrosive Bolt
Press: ? - help, Shift-Dir - straight line The wall freezes something!
You hear some strange, mumbled words.
A bolt of poison appears from out of thin air!
The bolt of poison hits you!
You are lethally poisoned!
You die...

▓_▓.▓.▓
▓_▓.▓.▓.▓
▓_▓.▓.▓.▓
▓_▓.▓.▓.▓
▓_▓.▓.▓.▓
▓'▓.▓'▓.▓
▓)▓.▓.▓.▓
▓.▓.▓.▓{▓
▓)▓.▓.▓@▓
▓.▓.▓.▓.▓
▓.▓.▓.▓.▓
▓.▓.▓.▓.▓
▓[▓.▓.▓.▓
▓.▓.▓.▓.▓
▓.▓.▓)▓.▓
▓)▓.▓(▓.▓
▓)▓.▓)▓.▓


There were no monsters in sight!

Vanquished Creatures
  A hydra (D)
  A centaur warrior (D)
  2 cyclopes (D)
  An elephant (D)
  2 black mambas (D)
  3 cane toads (D)
  A gargoyle (D)
  A torpor snail (D)
  A rime drake (D)
  4 tyrant leeches (D)
  A troll (D)
  2 blink frogs (D)
  A slime creature (D)
  A yak (D)
  A wraith (D)
  2 water moccasins (D)
  An orc warrior (D)
  A wolf (D)
  5 bullfrogs (D)
  A scorpion (D)
  A wight (D)
  A hound (D)
  A shadow imp (D)
  4 worms (D)
  2 orcs (D)
  2 bats (D)
  An endoplasm (D)
  A goblin (D)
  A kobold (D)
  A giant cockroach zombie (D)
48 creatures vanquished.

Notes
Turn   | Place    | Note
-------+----------+-------------------------------------------
     0 | D        | mhtbhm the Deep Elf Earth Elementalist began the quest for
                  | the Orb.
     0 | D        | Reached XP level 1. HP: 10/10 MP: 6/6
     8 | D        | Reached skill level 4 in Spellcasting
    71 | D        | Noticed a hound
    71 | D        | Noticed a scorpion
    72 | D        | Killed a hound
    73 | D        | Reached skill level 5 in Spellcasting
    73 | D        | Reached XP level 2. HP: 15/15 MP: 7/10
    73 | D        | Reached XP level 3. HP: 19/19 MP: 7/11
    96 | D        | Killed a scorpion
    97 | D        | Reached skill level 7 in Spellcasting
    97 | D        | Reached XP level 4. HP: 12/24 MP: 0/15
   359 | D        | Found a snail-covered altar of Cheibriados.
   359 | D        | Found a shadowy altar of Dithmenos.
   359 | D        | Found a white marble altar of Elyvilon.
   359 | D        | Found a blossoming altar of Fedhas.
   359 | D        | Found an opulent altar of Gozag.
   360 | D        | Found a hazy altar of Hepliaklqana.
   361 | D        | Found a viscous altar of Jiyva.
   362 | D        | Found an ancient bone altar of Kikubaaqudgha.
   366 | D        | Learned a level 2 spell: Passwall
   370 | D        | Learned a level 3 spell: Stone Arrow
   370 | D        | Found a corrupted altar of Lugonu.
   371 | D        | Found a burning altar of Makhleb.
   372 | D        | Found a sparkling altar of Nemelex Xobeh.
   373 | D        | Found an iron altar of Okawaru.
   374 | D        | Found a stormy altar of Qazlal.
   375 | D        | Found a sacrificial altar of Ru.
   376 | D        | Found a shimmering blue altar of Sif Muna.
   377 | D        | Found a bloodstained altar of Trog.
   378 | D        | Found a hide-covered altar of Uskayaw.
   379 | D        | Found a radiant altar of Vehumet.
   380 | D        | Found an ornate altar of the Wu Jian Council.
   381 | D        | Found a shimmering altar of Xom.
   382 | D        | Found a basalt altar of Yredelemnul.
   383 | D        | Found a glowing silver altar of Zin.
   384 | D        | Found a glowing golden altar of the Shining One.
   387 | D        | Became a worshipper of Vehumet
   441 | D        | Noticed a yak
   441 | D        | Noticed an orc warrior
   441 | D        | Noticed a troll
   441 | D        | Noticed a wraith
   443 | D        | Reached skill level 8 in Spellcasting
   443 | D        | Reached XP level 5. HP: 28/28 MP: 14/17
   468 | D        | Learned a level 5 spell: Lee's Rapid Deconstruction
   473 | D        | Learned a level 4 spell: Petrify
   477 | D        | Killed an orc warrior
   477 | D        | Killed a yak
   477 | D        | Reached * piety under Vehumet
   477 | D        | Offered knowledge of Shock by Vehumet.
   478 | D        | Reached skill level 5 in Dodging
   478 | D        | Reached skill level 11 in Spellcasting
   478 | D        | Reached XP level 6. HP: 32/32 MP: 2/22
   479 | D        | Killed a troll
   480 | D        | Reached skill level 12 in Spellcasting
   480 | D        | Reached XP level 7. HP: 36/36 MP: 0/24
   533 | D        | Killed a wraith
   533 | D        | Reached ** piety under Vehumet
   534 | D        | Reached skill level 13 in Spellcasting
   834 | D        | Noticed a cyclops
   834 | D        | Noticed a gargoyle
   834 | D        | Noticed a cyclops
   834 | D        | Noticed an eight-headed hydra
   834 | D        | Noticed a centaur warrior
   834 | D        | Noticed a slime creature
   846 | D        | Killed a cyclops
   846 | D        | Offered knowledge of Searing Ray by Vehumet.
   847 | D        | Reached skill level 14 in Spellcasting
   847 | D        | Reached XP level 8. HP: 41/41 MP: 1/28
   866 | D        | Killed a gargoyle
   867 | D        | Reached skill level 5 in Stealth
   867 | D        | Reached skill level 15 in Spellcasting
  1158 | D        | Killed a cyclops
  1158 | D        | Offered knowledge of Inner Flame by Vehumet.
  1159 | D        | Reached skill level 16 in Spellcasting
  1320 | D        | Killed an eight-headed hydra
  1320 | D        | Reached *** piety under Vehumet
  1321 | D        | Reached skill level 17 in Spellcasting
  1321 | D        | Reached skill level 15 in Earth Magic
  1321 | D        | Reached XP level 9. HP: 31/46 MP: 17/32
  1321 | D        | Killed a centaur warrior
  1321 | D        | Offered knowledge of Frozen Ramparts by Vehumet.
  1322 | D        | Reached skill level 18 in Spellcasting
  1542 | D        | Learned a level 3 spell: Frozen Ramparts
  1843 | D        | Noticed a cane toad
  1843 | D        | Noticed a black mamba
  1843 | D        | Noticed a cane toad
  1846 | D        | Noticed a torpor snail
  1847 | D        | Killed a black mamba
  1847 | D        | Reached **** piety under Vehumet
  1847 | D        | Killed a cane toad
  1847 | D        | Offered knowledge of Dazzling Flash by Vehumet.
  1847 | D        | Noticed a rime drake
  1848 | D        | Reached skill level 5 in Transmutations
  1848 | D        | Reached XP level 10. HP: 48/51 MP: 26/34
  1848 | D        | Killed a cane toad
  1849 | D        | Reached skill level 19 in Spellcasting
  1855 | D        | Killed a torpor snail
  1855 | D        | Reached ***** piety under Vehumet
  2192 | D        | Noticed a cane toad
  2195 | D        | Offered knowledge of Olgreb's Toxic Radiance by Vehumet.
  2196 | D        | Reached skill level 20 in Spellcasting
  2198 | D        | Noticed a black mamba
  2200 | D        | Killed a cane toad
  2200 | D        | Noticed an elephant
  2203 | D        | Killed a black mamba
  2209 | D        | Killed an elephant
  2452 | D        | Reached skill level 21 in Spellcasting
  2455 | D        | Reached ****** piety under Vehumet
  2461 | D        | Offered knowledge of Hailstorm by Vehumet.
  2462 | D        | Reached skill level 1 in Fighting
  2796 | D        | Noticed Erica
  2811 | D        | Killed from afar by Erica

Illustrated notes

Levels and vault maps discovered:
D:        linesprint [early_d, line_temple, items_1, d_10, items_2, lair_1,
          lair_end, items_3, orc_1, orc_end, items_4, d_15, swamp_1, shoals_1,
          snake_1, spider_1, d_20, vaults_1, items_5, swamp_end, shoals_end,
          snake_end, spider_end, vaults_end, d_27, items_6, zot_1, zot_end,
          crypt_end, forest_end, elf_end, slime_end, tomb_end, abyss_end,
          pan_hell_end]

Skill      XL: |  1  2  3  4  5  6  7  8  9 10 |
---------------+-------------------------------+-----
Earth Magic    | 6 7 8 11 12 13 15 16 18 | 18.3
Spellcasting   | 5 7 8 11 12 14 17 18 21 | 21.3
Dodging        | 3 4 5 6 |  6.0
Stealth        | 3 4 5 |  5.4
Transmutations | 3 5 |  5.6
Fighting       | 1 |  1.0
Ice Magic      | |  0.5

Action                   |  1- 3 |  4- 6 |  7- 9 | 10-12 || total
-------------------------+-------+-------+-------+-------++-------
Melee: Morningstar       |       |       |       |     1 ||     1
 Cast: Sandblast         |    16 |     3 |     8 |     4 ||    31
       Lee's Rapid Decon |       |     3 |    19 |    21 ||    43
       Petrify           |       |       |     7 |     2 ||     9
       Frozen Ramparts   |       |       |       |     3 ||     3
       Stone Arrow       |       |       |       |     1 ||     1
Evoke: Wand              |       |       |       |     4 ||     4
  Use: Potion            |     1 |       |     3 |     6 ||    10
Armor: Robe              |       |       |     1 |     2 ||     3
Dodge: Dodged            |     9 |     3 |    11 |    10 ||    33

Table legend: (Time is in decaauts)
 A = Elapsed time spent in this place.
 B = Non-inter-level travel time spent in this place.
 C = Inter-level travel time spent in this place.
 D = Time resting spent in this place.
 E = Time spent auto-exploring this place.
 F = Levels seen in this place.
 G = Mean time per level.
                   A        B        C        D        E       F      G
               +--------+--------+--------+--------+--------+-----+--------+
         Total |   2837 |   2837 |      0 |   2046 |    204 |   1 | 2837.0 |
       Dungeon |   2837 |   2837 |      0 |   2046 |    204 |   1 | 2837.0 |
               +--------+--------+--------+--------+--------+-----+--------+

Top non-repeatable levels by time:
       D: 2837 daAuts
